 Dungeon Crawl Stone Soup version 0.27-a0-720-g3f424a255b (webtiles) character file.

Game seed: 12919963997750086135

0 Allula97 the Skirmisher (level 1, -5/18 HPs)
             Began as a Demonspawn Abyssal Knight on Mar 23, 2021.
             Was a Follower of Lugonu.
             Slain by a tentacled starspawn (23 damage)
             ... summoned by a glowing orange brain
             ... on level 1 of the Abyss.
             The game lasted 00:00:52 (101 turns).

Allula97 the Skirmisher (Demonspawn Abyssal Knight)  Turns: 101, Time: 00:00:52

Health: -5/18      AC:  3    Str: 12    XL:     1   Next: 0%
Magic:  2/2        EV: 11    Int: 13    God:    Lugonu [*.....]
Gold:   16         SH:  0    Dex: 12    Spells: 0/0 levels left

rFire    . . .     SeeInvis .   a - +1 mace
rCold    . . .     Faith    .   (no shield)
rNeg     . . .     Spirit   .   b - +0 leather armour
rPois    .         Reflect  .   (no helmet)
rElec    .         Harm     .   (no cloak)
rCorr    .         Rampage  .   (no gloves)
Will     .....                  (no boots)
Stlth    +.........             (no amulet)
HPRegen  0.06/turn              (no ring)
MPRegen  0.08/turn              (no ring)

@: confused
A: no striking features
a: Renounce Religion, Depart the Abyss


You were on level 1 of the Abyss.
You worshipped Lugonu.
Lugonu was aware of your devotion.
You visited 0 branches of the dungeon, and saw 0 of its levels.
You visited the Abyss 1 time.

You collected 16 gold pieces.

Inventory:

Hand Weapons
 a - a +1 mace (weapon)
Armour
 b - a +0 leather armour (worn)
Potions
 c - a potion of lignification {unknown}


   Skills:
 * Level 3.0 Fighting
 * Level 1.7 Maces & Flails
 * Level 1.7 Armour
 * Level 0.8 Dodging
 * Level 2.4 Invocations


You couldn't memorise any spells.
You didn't know any spells.
Your spell library was empty.

Dungeon Overview and Level Annotations

Branches:
Dungeon (0/15)

Altars:


Message History

Welcome, Allula97 the Demonspawn Abyssal Knight.
The bosom of this dungeon contains the legendary artefact, the Orb of Zot.
Lugonu says: Depart the Abyss and spread corruption, my servant! (use the ability menu to exit the Abyss) Press ? for a list of commands and other information.
Found a lumpy orange potion.
Found a corrupted altar of Lugonu.
c - a lumpy orange potion A glowing orange brain comes into view.
The glowing orange brain turns its attention towards you.
The glowing orange brain blinks!
A large abomination comes into view.
Found 16 gold pieces.
You now have 16 gold pieces.
The glowing orange brain pulsates.
A golden eye comes into view.
The golden eye turns its gaze towards you.
The golden eye blinks at you.
You are confused.
You bump into the stone wall.
The glowing orange brain pulsates.
The glowing orange brain radiates an aura of fear!
You are terrified of the glowing orange brain!
You bump into the rock wall.
The golden eye blinks at you.
You are more confused.
You are no longer terrified.
You're too confused to move!
The golden eye blinks at you.
You are more confused.
The golden eye turns its gaze towards you.
Tentacles burst from the starspawn's body! 2 starspawn tentacles come into view.
You bump into the rock wall.
The golden eye blinks!
The orange demon stings you but does no damage.
The golden eye blinks at you.
You are more confused.
The golden eye blinks!
The tentacled starspawn misses you. The tentacled starspawn engulfs you!!
Ouch! That really hurt!
You die...

. .# .. .. .## #.
. #.#...#.# .#.#.
#..##. .#
.....##.......###
#......#.#.# #
####..# .#.#..#.
#.##w4#.## #...
#.#X#.X.#.## .
#.@.##.#G..# #
#.####.### # #
..# .#####.. #
#ยง.# .# #...# .
.... .#... #...##
..## #.## .. . .
# #. ....## . .
....## #.


You could see a tentacled starspawn (summoned), an orange demon (summoned) and a
starspawn tentacle.

Vanquished Creatures (others)
  A starspawn tentacle (Abyss:1)
1 creature vanquished.

Notes
Turn   | Place    | Note
-------+----------+-------------------------------------------
     0 | Abyss:1  | Allula97 the Demonspawn Abyssal Knight began the quest for
                  | the Orb.
     0 | Abyss:1  | Reached XP level 1. HP: 18/18 MP: 2/2
    77 | Abyss:1  | Noticed a glowing orange brain
    80 | Abyss:1  | Noticed a large abomination
    90 | Abyss:1  | Noticed a tentacled starspawn
    90 | Abyss:1  | Noticed an orange demon
    91 | Abyss:1  | Noticed a golden eye
   101 | Abyss:1  | Slain by a tentacled starspawn

Illustrated notes

Levels and vault maps discovered:
Abyss:1:  base: Temple, base: Temple, minivault_24

Action                   || total
-------------------------++-------
Armor: Leather armour    ||     1
Dodge: Dodged            ||     1

Table legend: (Time is in decaauts)
 A = Elapsed time spent in this place.
 B = Non-inter-level travel time spent in this place.
 C = Inter-level travel time spent in this place.
 D = Time resting spent in this place.
 E = Time spent auto-exploring this place.
 F = Levels seen in this place.
 G = Mean time per level.
                   A        B        C        D        E       F      G
               +--------+--------+--------+--------+--------+-----+--------+
         Total |    101 |    101 |      0 |      0 |      0 |   1 |  101.0 |
         Abyss |    101 |    101 |      0 |      0 |      0 |   1 |  101.0 |
               +--------+--------+--------+--------+--------+-----+--------+

Top non-repeatable levels by time:
 Abyss:1: 101 daAuts
